 Dungeon Crawl Stone Soup version 0.29-a0-40-g8eb35efe60 (webtiles) character file.

Game seed: 6168144149448506704

5158 HallandMoats the Fighter (level 10, -6/100 HPs)
             Began as a Ghoul Monk on Feb 1, 2022.
             Was a High Priest of Dithmenos.
             Mangled by a warg (11 damage)
             ... on level 8 of the Dungeon.
             The game lasted 00:09:36 (9186 turns).

HallandMoats the Fighter (Ghoul Monk)               Turns: 9186, Time: 00:09:37

Health: -6/100     AC:  8    Str: 16    XL:     10   Next: 59%
Magic:  13/13      EV: 12    Int:  5    God:    Dithmenos [*****.]
Gold:   249        SH:  0    Dex: 15    Spells: 9/9 levels left

rFire   + + .      SeeInvis .     - Unarmed
rCold   + + +      Faith    .   (no shield)
rNeg    + + +      Spirit   .   x - +0 scale mail {rF+}
rPois   ∞          Reflect  .   (no helmet)
rElec   .          Harm     .   u - +0 cloak
rCorr   .          Rampage  .   (no gloves)
Will    .....                   (no boots)
Stlth   +.........              (no amulet)
HPRegen 0.00/turn               n - ring of Leaves {rF+ rC+}
MPRegen 0.13/turn               z - ring of protection from cold

@: inhibited regen, slowed, wreathed by umbra, studying Fighting, very slow
A: claws 1, cold resistance 1, negative energy resistance 3, inhibited
regeneration, torment resistance 2
a: Renounce Religion, Shadow Step, Shadow Form


You were on level 8 of the Dungeon.
You worshipped Dithmenos.
Dithmenos was extremely pleased with you.
You visited 2 branches of the dungeon, and saw 9 of its levels.

You collected 249 gold pieces.

Inventory:

Missiles
 w - a throwing net (quivered)
Armour
 u - a +0 cloak (worn)
 x - a +0 scale mail of fire resistance (worn)
Jewellery
 n - the ring of Leaves (left claw) {rF+ rC+}
   (You found it on level 2 of the Dungeon)

   [ring of protection from fire]

   rF:        It protects you from fire.
   rC:        It protects you from cold.
 z - a ring of protection from cold (right claw)
Wands
 s - a wand of polymorph (11)
 t - a wand of acid (14)
 v - a wand of iceblast (8)
 y - a wand of charming (5)
Scrolls
 a - a scroll of silence {unknown}
 e - a scroll of fear {unknown}
 h - a scroll of immolation {unknown}
 j - 8 scrolls of teleportation {unknown}
 k - a scroll of identify
 m - 2 scrolls of enchant weapon {unknown}
 p - 3 scrolls of summoning {unknown}
 q - 2 scrolls of enchant armour {unknown}
 A - a scroll of brand weapon {unknown}
Potions
 b - a potion of lignification
 d - a potion of degeneration {unknown}
 f - a potion of heal wounds {unknown}
 g - a potion of mutation {unknown}
 i - 4 potions of brilliance
 l - a potion of ambrosia {unknown}
 o - a potion of cancellation {unknown}
 r - a potion of haste {unknown}


   Skills:
 * Level 12.7 Fighting
 + Level 5.1 Armour
 + Level 5.9 Dodging
 - Level 2.1 Stealth
 * Level 9.7 Unarmed Combat
 + Level 6.1 Invocations


You had 9 spell levels left.
You didn't know any spells.
Your spell library contained the following spells:

 Spells                   Type           Power      Damage    Failure   Level
 Petrify                  Tmut/Erth      0%         N/A       100%        4
 Metabolic Englaciation   Hex/Ice        0%         N/A       100%        5
 Statue Form              Tmut/Erth      Unusable   N/A       N/A         6

Dungeon Overview and Level Annotations

Branches:
Dungeon (8/15)             Temple (1/1) D:7            Lair (0/6) D:8

Altars:
Dithmenos
Makhleb
Vehumet
Wu Jian

Shops:
D:7 *   D:8 *

Annotations:
D:4 1 runed translucent door, dracfodder's ghost, amateur GrBe
D:8 Erica


Innate Abilities, Weirdness & Mutations

You thrive by killing the living.
You are immune to poison.
You have sharp fingernails.
Your flesh is cold resistant. (rC+)
You are immune to negative energy. (rN+++)
You do not regenerate when monsters are visible.
You are immune to unholy pain and torment.


Message History

The orc wizard gestures wildly while chanting.
The orc wizard flickers and vanishes!
The centaur shoots an arrow.
The arrow misses you.
Something tries to affect you, but you resist.
The centaur shoots an arrow.
The arrow barely misses you.
The centaur shoots an arrow.
The arrow hits you.
* * * LOW HITPOINT WARNING * * *
The centaur unwields a +0 shortbow.
The centaur barely misses you.
The centaur kicks you but does no damage.
The centaur closely misses you. The centaur barely misses you.
You scratch the centaur.
The centaur is moderately wounded.
The centaur barely misses you. x2; The centaur completely misses you.
The centaur kicks you but does no damage.
You claw the centaur! You claw the centaur.
The centaur is severely wounded.
The centaur closely misses you.
The centaur kicks you but does no damage.
You claw the centaur!
You kill the centaur!
Dithmenos accepts your kill.
You hear some strange, mumbled words.
You are confused.
You're too confused to move!
You hear some strange, mumbled words.
A bolt of poison appears from out of thin air!
The bolt of poison hits the warg.
The warg is poisoned.
The bolt of poison hits something!!
Reactivating autopickup.
Deactivating autopickup; reactivate with Ctrl-A.
The bolt of poison hits you but does no damage.
You resist.
The warg pauses to sniff the ground.
Unknown command.
You feel better. The warg bites you!
* * * LOW HITPOINT WARNING * * *
The warg bites you!
* * * LOW HITPOINT WARNING * * *
The warg bites you!
You die...

###...#.#####..###.#.#
#...............#)..)########
#.#...#.########..##)).......
##.#...#.# #...#{#.##....
......##.# ##.#.#..#.##.. .
....####.# ###.##.)........#
.........####....###.o#.##..#
[.............^...#.#...$...
....#.####......@h)##.......
.##.#.# #.........#########
###.#.# #.........# ....#.#
#.........#
....#.####.)......##
###.....##.....(.##
........#####...## ##......#
##.## .#......######.#


You could see a warg (poisoned).

Vanquished Creatures
  Harold (D:7)
  A hydra (D:7)
  Pikel (D:5)
  Sigmund (D:4)
  3 yaks
  2 wargs (D:8)
  A water moccasin (D:6)
  Duvessa (D:4)
  Edmund (D:6)
  A hornet zombie (D:7)
  A black bear (D:5)
  2 ice beasts
  An orc warrior (D:8)
  A sky beast (D:5)
  An ogre (D:7)
  A centaur (D:8)
  3 lemures (D:5)
  A phantom (D:5)
  A kobold brigand (D:8)
  A bullfrog (D:5)
  A water moccasin zombie (D:6)
  A water moccasin skeleton (D:5)
  2 wyvern skeletons
  Dowan (D:3)
  6 wights
  2 howler monkeys
  A bullfrog zombie (D:5)
  A centaur zombie (D:7)
  2 hounds
  A jelly (D:8)
  Crazy Yiuf (D:6)
  A bullfrog skeleton (D:6)
  4 orc priests
  3 iguanas
  6 orc wizards
  A hound skeleton (D:4)
  A howler monkey skeleton (D:5)
  7 adders
  2 gnolls (D:6)
  2 white imps
  2 adder skeletons (D:4)
  A worm (D:2)
  2 dart slugs (D:4)
  32 orcs
  6 ball pythons
  5 bats
  9 endoplasms
  2 giant cockroaches
  11 goblins
  6 hobgoblins
  3 jackals (D:1)
  14 kobolds
  5 quokkas
  3 frilled lizards
  4 rats
177 creatures vanquished.

Vanquished Creatures (others)
  An orc wizard (D:8)
1 creature vanquished.

Grand Total: 178 creatures vanquished

Notes
Turn   | Place    | Note
-------+----------+-------------------------------------------
     0 | D:1      | HallandMoats the Ghoul Monk began the quest for the Orb.
     0 | D:1      | Reached XP level 1. HP: 19/19 MP: 0/0
    59 | D:1      | Reached XP level 2. HP: 16/26 MP: 1/1
   773 | D:1      | Found a faded altar of an unknown god.
   823 | D:1      | Prayed at the altar of an unknown god.
   823 | D:1      | Became a worshipper of Dithmenos the Shadowed
   823 | D:1      | Reached * piety under Dithmenos
   823 | D:1      | Reached ** piety under Dithmenos
   872 | D:1      | Reached XP level 3. HP: 33/33 MP: 2/2
  1225 | D:2      | Found a burning altar of Makhleb.
  1233 | D:2      | Reached skill level 1 in Invocations
  1275 | D:2      | Reached *** piety under Dithmenos
  1403 | D:2      | Reached skill level 4 in Fighting
  1434 | D:2      | Reached XP level 4. HP: 40/40 MP: 3/3
  1757 | D:2      | Identified the ring of Leaves {rF+ rC+}
  2432 | D:3      | Reached skill level 1 in Armour
  2881 | D:4      | Reached XP level 5. HP: 39/47 MP: 5/5
  2888 | D:4      | Reached **** piety under Dithmenos
  2915 | D:4      | Noticed Duvessa
  2915 | D:4      | Noticed Dowan
  3155 | D:3      | Identified a scroll of acquirement
  3156 | D:3      | Acquired a manual of Fighting
  3172 | D:4      | Killed Duvessa
  3173 | D:4      | Reached skill level 5 in Fighting
  3173 | D:4      | Reached XP level 6. HP: 13/56 MP: 6/6
  3179 | D:3      | Killed Dowan
  3180 | D:3      | Reached skill level 5 in Unarmed Combat
  3474 | D:4      | Found a burning altar of Makhleb.
  3798 | D:4      | Reached skill level 6 in Fighting
  3798 | D:4      | Reached XP level 7. HP: 52/63 MP: 7/7
  3939 | D:4      | Noticed Sigmund
  3953 | D:4      | Killed Sigmund
  4216 | D:4      | Found a runed translucent door.
  4219 | D:4      | Noticed dracfodder's ghost (amateur GrBe)
  4315 | D:4      | Reached skill level 7 in Fighting
  4529 | D:5      | Entered Level 5 of the Dungeon
  4529 | D:5      | Found a radiant altar of Vehumet.
  4601 | D:5      | Reached XP level 8. HP: 60/73 MP: 9/9
  4785 | D:5      | Reached skill level 8 in Fighting
  5109 | D:5      | Found an ornate altar of the Wu Jian Council.
  5191 | D:5      | Noticed Pikel
  5256 | D:5      | Killed Pikel
  5257 | D:5      | Reached skill level 9 in Fighting
  5257 | D:5      | Reached XP level 9. HP: 26/83 MP: 9/11
  6029 | D:6      | Reached skill level 10 in Fighting
  6400 | D:6      | Noticed Edmund
  6411 | D:6      | Killed Edmund
  6592 | D:6      | Found a runed translucent door.
  6593 | D:6      | Noticed Crazy Yiuf
  6910 | D:6      | Reached skill level 5 in Dodging
  7195 | D:6      | Killed Crazy Yiuf
  7196 | D:6      | Reached skill level 5 in Invocations
  7267 | D:7      | Found a staircase to the Ecumenical Temple.
  7610 | D:6      | Reached skill level 11 in Fighting
  7877 | D:7      | Noticed Harold
  7890 | Temple   | Entered the Ecumenical Temple
  8063 | D:7      | Killed Harold
  8064 | D:7      | Reached XP level 10. HP: 43/97 MP: 13/13
  8358 | D:7      | Noticed a four-headed hydra
  8368 | D:7      | Killed a four-headed hydra
  8369 | D:7      | Reached skill level 12 in Fighting
  8556 | D:7      | Found Wubytang's Gadget Gallery.
  8838 | D:8      | Found Goeruo's Fire Supplies.
  9097 | D:8      | Reached ***** piety under Dithmenos
  9112 | D:8      | Reached skill level 5 in Armour
  9156 | D:8      | Noticed Erica
  9158 | D:8      | Found a staircase to the Lair.
  9185 | D:8      | HP: 5/100 [warg (14)]
  9186 | D:8      | Mangled by a warg

Illustrated notes

Levels and vault maps discovered:
D:1:      scummos_arrival_simple_crosswalls, layout_basic,
          nicolae_ecumenical_lake_church
D:2:      layout_basic, basic_altar
D:3:      layout_loops_cross
D:4:      nicolae_cairo_tiling_large, layout_rooms, ebering_ghost_sewer_d,
          chequers_decorated_corner, minmay_ruined_shrine, uniq_duvessa,
          uniq_sigmund
D:5:      layout_loops_cross, mainiacjoe_overflow_catwalk_spiral,
          grunt_decor_one_mirror, grunt_ministairs_9, minmay_splitting_lines,
          kennysheep_doodads, uniq_pikel
D:6:      layout_loops_ring, uniq_edmund, uniq_crazy_yiuf_cottage
D:7:      layout_basic, minmay_temple_entry_waves, hex_medium,
          nicolae_shop_gadgets, uniq_harold
D:8:      layout_loops_cross, erik_lair_orcish_takeover,
          minmay_tree_intersection, nicolae_shop_fire_sale
          [nicolae_sub_dead_trees], uniq_erica
Temple:   mainiacjoe_temple_big_plus

Skill      XL: |  1  2  3  4  5  6  7  8  9 10 |
---------------+-------------------------------+-----
Invocations    | 1 2 3 4 5 6 |  6.1
Fighting       | 4 5 6 7 9 11 12 | 12.7
Unarmed Combat | 4 5 6 7 9 |  9.7
Dodging        | 3 4 5 |  5.9
Armour         | 1 2 3 4 5 |  5.1
Stealth        | |  2.1

Action                   |  1- 3 |  4- 6 |  7- 9 | 10-12 || total
-------------------------+-------+-------+-------+-------++-------
Melee: Unarmed           |    94 |   175 |   350 |   109 ||   728
       Punch             |     1 |     6 |    17 |     7 ||    31
  Use: Scroll            |       |     4 |       |     3 ||     7
       Potion            |       |     1 |     1 |     4 ||     6
 Stab: Sleeping          |     6 |     9 |       |       ||    15
Armor: Robe              |    15 |     7 |       |       ||    22
       Ring mail         |       |    20 |     2 |       ||    22
       Plate armour      |       |       |   206 |     3 ||   209
       Scale mail        |       |       |       |    42 ||    42
Dodge: Dodged            |    49 |    96 |    99 |    64 ||   308

Table legend: (Time is in decaauts)
 A = Elapsed time spent in this place.
 B = Non-inter-level travel time spent in this place.
 C = Inter-level travel time spent in this place.
 D = Time resting spent in this place.
 E = Time spent auto-exploring this place.
 F = Levels seen in this place.
 G = Mean time per level.
                   A        B        C        D        E       F      G
               +--------+--------+--------+--------+--------+-----+--------+
         Total |   9119 |   8994 |    125 |   1545 |   5968 |   9 | 1013.2 |
       Dungeon |   8966 |   8841 |    125 |   1394 |   5968 |   8 | 1120.8 |
        Temple |    152 |    152 |      0 |    151 |      0 |   1 |  152.0 |
               +--------+--------+--------+--------+--------+-----+--------+

Top non-repeatable levels by time:
     D:5: 1615 daAuts
     D:6: 1558 daAuts
     D:3: 1428 daAuts
     D:4: 1176 daAuts
     D:1: 998 daAuts
     D:7: 914 daAuts
     D:2: 906 daAuts
     D:8: 369 daAuts
  Temple: 152 daAuts
